 Dungeon Crawl Stone Soup version 0.24.0-37-gcf1ca852f1 (webtiles) character file.

Game seed: 5693260397689417455, levelgen mode: deterministic

2438 Delarado the Grappler (level 9, -10/93 HPs)
             Began as an Octopode Fighter on Dec 6, 2019.
             Was an Initiate of Gozag.
             Killed by divine providence
             ... invoked by an orc priest
              (13 damage)
             ... on level 7 of the Dungeon.
             The game lasted 00:20:09 (6196 turns).

Delarado the Grappler (Octopode Fighter)            Turns: 6196, Time: 00:20:11

Health: -10/93     AC: 24    Str: 23      XL:     9   Next: 49%
Magic:  13/13      EV:  2    Int: 15      God:    Gozag
Gold:   971        SH: 10    Dex: 14 (17) Spells: 8/8 levels left

rFire    . . .     SeeInvis .     - Unarmed
rCold    . . .     Gourm    .   a - +1 shield
rNeg     + + +     Faith    .   (helmet currently unavailable)
rPois    +         Spirit   .   s - amulet of rage
rElec    .         Reflect  .   (no ring)
rCorr    .         Harm     .   (no ring)
MR       .....     NoTele   +   (no ring)
Stlth    ++........             (no ring)
HPRegen  0.25/turn              (no ring)
MPRegen  0.13/turn              (no ring)
                                (no ring)
                                (no ring)

@: mighty, brilliant, agile, tree-form, marked, gold aura
A: almost no armour, stealthy swim, (amphibious), 8 rings, (constrict 8)
a: Potion Petition, Call Merchant, Bribe Branch, Renounce Religion, Evoke
Berserk Rage


You were on level 7 of the Dungeon.
You worshipped Gozag.
Gozag was pleased with you.
You were not hungry.
You were a tree.
You visited 1 branch of the dungeon, and saw 7 of its levels.

You collected 971 gold pieces.

Inventory:

Missiles
 k - 201 stones
 l - 2 javelins
 o - 2 poisoned darts (quivered)
 u - a throwing net
Armour
 a - a +1 shield (worn)
Jewellery
 s - an amulet of rage (around neck)
Wands
 h - a wand of polymorph (3)
 m - a wand of flame (16)
 p - a wand of clouds (2)
 q - a wand of random effects (24)
Scrolls
 b - a scroll of fear {unknown}
 f - a scroll of identify
 n - 3 scrolls of teleportation
 t - a scroll of noise
Potions
 d - 2 potions of agility
 e - 2 potions of haste
 g - 3 potions of resistance
 j - a potion of brilliance
 x - a potion of curing
Comestibles
 c - 3 rations


   Skills:
 - Level 5.8 Fighting
 - Level 3.4 Dodging
 - Level 3.0 Shields
 - Level 10.0 Unarmed Combat
 + Level 5.8 Evocations


You had 8 spell levels left.
You didn't know any spells.
Your spell library was empty.

Dungeon Overview and Level Annotations

Branches:
Dungeon (7/15)             Temple (0/1) D:5

Altars:
Gozag
Qazlal

Annotations:
D:7 Harold


Innate Abilities, Weirdness & Mutations

You cannot wear most types of armour.
You are very stealthy in the water. (Stealth+)
((You are amphibious.))
You can wear up to eight rings at the same time.
((You can use your tentacles to constrict eight enemies at once.))
((Your skin changes colour to match your surroundings (Stealth+).))
((Your rubbery body absorbs attacks. (AC +1, EV +1)))


Message History

Something hits you but does no damage. The gnoll hits you but does no damage.
You block the orc wizard's attack.
The gnoll sergeant hits you but does no damage.
The adder bites you but does no damage.
You cannot teleport because you are held in place by your roots.
Your shield prevents you from hitting the big kobold.
Harold hits you with a +0 flail.
* * * LOW HITPOINT WARNING * * *
The orc warrior throws a boomerang.
The boomerang hits you but does no damage.
The weapon returns to the orc warrior!
Something hits you but does no damage. The gnoll hits you but does no damage.
You block the adder's attack.
The orc wizard gestures at you while chanting.
You easily resist.
The big kobold hits you but does no damage.
The gnoll sergeant hits you but does no damage.
The orc priest mumbles some strange prayers to Beogh against you.
Beogh smites you!
You die...
Your body crumbles into a pile of gold.

Z# ## .. # .. #
##o ## . .### #oo#
... . ....# ##oo#
....# .
.....##o5o###....#
......##oS$#g....#
....#.gK♣$...(#
#....S@o{.#.##
##...KKi..#
#$...#..###
#(....###
##(.....#
#......## #.(...##
##.####


You could see Harold, an orc warrior, a big kobold, a gnoll sergeant, a spriggan
baker, an orc priest, 3 orc wizards, a gnoll, 2 adders, a shadow imp, an orc and
2 kobolds.

Vanquished Creatures
  Pikel (D:4)
  An orc warrior (D:6)
  A slave (D:4)
  2 sky beasts (D:6)
  3 ogres
  A phantom (D:6)
  3 bullfrogs (D:6)
  3 scorpions
  An electric eel (D:6)
  3 howler monkeys
  A crimson imp (D:5)
  4 hounds
  A quasit (D:6)
  A jelly (D:7)
  2 centaur skeletons
  3 iguanas (D:6)
  4 orc wizards
  7 worker ants
  2 hound zombies
  A hound skeleton (D:4)
  A worker ant zombie (D:5)
  9 adders
  3 gnolls
  A shadow imp (D:2)
  2 oozes
  An adder skeleton (D:5)
  4 worms
  3 leopard geckos
  15 orcs
  A ball python (D:7)
  5 bats
  3 giant cockroaches
  3 goblins
  3 hobgoblins
  2 jackals (D:1)
  6 quokkas
  5 frilled lizards
  9 kobolds
  A leopard gecko skeleton (D:5)
  A quokka skeleton (D:5)
  4 rats
127 creatures vanquished.

Vanquished Creatures (others)
  A worker ant (D:4)
  An orc (D:4)
2 creatures vanquished.

Grand Total: 129 creatures vanquished

Notes
Turn   | Place    | Note
-------+----------+-------------------------------------------
     0 | D:1      | Delarado the Octopode Fighter began the quest for the Orb.
     0 | D:1      | Reached XP level 1. HP: 16/16 MP: 1/1
    36 | D:1      | Reached XP level 2. HP: 21/21 MP: 2/2
   191 | D:1      | Reached skill level 3 in Unarmed Combat
   526 | D:2      | Reached XP level 3. HP: 8/26 MP: 3/3
  1423 | D:2      | Found a faded altar of an unknown god.
  1424 | D:2      | Reached skill level 4 in Unarmed Combat
  1432 | D:2      | Became a worshipper of Gozag Ym Sagoz the Greedy
  1553 | D:2      | Reached XP level 4. HP: 30/31 MP: 4/4
  2541 | D:4      | Reached skill level 5 in Unarmed Combat
  2541 | D:4      | Reached XP level 5. HP: 32/36 MP: 5/5
  2624 | D:4      | Noticed an ogre
  2653 | D:4      | Killed an ogre
  2653 | D:4      | Reached skill level 6 in Unarmed Combat
  2653 | D:4      | Reached XP level 6. HP: 42/42 MP: 6/6
  2740 | D:4      | Noticed a slave
  2763 | D:4      | Killed a slave
  2770 | D:4      | Noticed Pikel
  2778 | D:4      | Noticed a slave
  2783 | D:4      | Noticed a slave
  2785 | D:4      | Noticed a slave
  2789 | D:4      | Killed Pikel
  2789 | D:4      | Reached skill level 8 in Unarmed Combat
  2789 | D:4      | Reached XP level 7. HP: 28/46 MP: 7/7
  3100 | D:4      | Reached skill level 9 in Unarmed Combat
  3338 | D:4      | You fall into a shaft and drop 1 floor!
  3338 | D:5      | Entered Level 5 of the Dungeon
  3587 | D:5      | Reached XP level 8. HP: 51/52 MP: 8/8
  4495 | D:5      | Found a staircase to the Ecumenical Temple.
  4647 | D:6      | Reached skill level 5 in Fighting
  4708 | D:6      | Reached skill level 10 in Unarmed Combat
  4780 | D:6      | Found a stormy altar of Qazlal.
  4796 | D:6      | Reached XP level 9. HP: 54/62 MP: 9/9
  4989 | D:6      | Reached skill level 1 in Evocations
  6137 | D:7      | Noticed Harold
  6162 | D:7      | Reached skill level 5 in Evocations
  6194 | D:7      | HP: 4/93 [gnoll sergeant/+2 trident of holy wrath (6)]
  6196 | D:7      | Killed from afar by an orc priest

Levels and vault maps discovered:
D:1:      mrwooster_arrival_statue, layout_rooms
D:2:      layout_loops_cross, chequers_ecumenical_altar_simple_redux
D:3:      layout_loops_ring, first_ration
D:4:      layout_basic, uniq_pikel
D:5:      layout_cave_pools, minmay_temple_entry_antechambers, chequers_jeans,
          minmay_misc_feat_square
D:6:      wad_river_or_something, layout_rooms, nicolae_qazlal_style_of_elements
D:7:      layout_cave_pools, grunt_decor_cap, the_bakery, uniq_harold

Skill      XL: |  1  2  3  4  5  6  7  8  9 |
---------------+----------------------------+-----
Unarmed Combat | 3 4 5 6 8 9 10 | 10.0
Fighting       | 5 |  5.8
Evocations     | 5 |  5.8
Dodging        | |  3.4
Shields        | |  3.0

Action                   |  1- 3 |  4- 6 |  7- 9 || total
-------------------------+-------+-------+-------++-------
Melee: Unarmed           |    70 |    65 |   182 ||   317
       Constrict         |    18 |    17 |    35 ||    70
       Tentacles         |    14 |    10 |    24 ||    48
       Punch             |       |       |     9 ||     9
Throw: Stone             |     5 |     3 |    33 ||    41
       Dart              |     8 |    31 |    19 ||    58
       Javelin           |       |       |    20 ||    20
Invok: Potion Petition   |       |       |     1 ||     1
  Use: Scroll            |       |     6 |    14 ||    20
       Potion            |       |     1 |     4 ||     5
 Stab: Sleeping          |     3 |     2 |     3 ||     8
  Eat: Chunk             |     1 |       |       ||     1
       Ration            |       |     2 |     3 ||     5
Armor: Skin              |     7 |     5 |    95 ||   107
Dodge: Dodged            |    18 |    16 |    62 ||    96
Block: Shield            |    17 |    17 |    99 ||   133
